 Dungeon Crawl Stone Soup version 0.29.0-5-ge4962eb29e (webtiles) character file.

Game seed: 11824823640545235753

81 voltaire321 the Conjurer (level 4, 0/25 HPs)
             Began as a Kobold Conjurer on Aug 29, 2022.
             Was an Initiate of Vehumet.
             Slain by an iguana (6 damage)
             ... on level 4 of the Dungeon.
             The game lasted 00:04:25 (1328 turns).

voltaire321 the Conjurer (Kobold Conjurer)          Turns: 1328, Time: 00:04:26

Health: 0/25       AC:  2    Str:  6    XL:     4   Next: 68%
Magic:  1/8        EV: 15    Int: 19    God:    Vehumet [......]
Gold:   102        SH:  0    Dex: 13    Spells: 5/8 levels left

rFire   . . .      SeeInvis .   e - +0 dagger
rCold   . . .      Faith    .   (no shield)
rNeg    . . .      Spirit   .   a - +0 robe
rPois   .          Reflect  .   (no helmet)
rElec   .          Harm     .   (no cloak)
rCorr   .          Rampage  .   (no gloves)
Will    .....                   (no boots)
Stlth   +++.......              (no amulet)
HPRegen 0.08/turn               (no ring)
MPRegen 0.11/turn               (no ring)

@: no status effects
A: small, no large weapons, nightstalker 3
a: Renounce Religion


You were on level 4 of the Dungeon.
You worshipped Vehumet.
Vehumet was noncommittal.
You visited 2 branches of the dungeon, and saw 4 of its levels.

You collected 102 gold pieces.

Inventory:

Hand Weapons
 e - a +0 dagger (weapon)
 f - a +0 scimitar
Armour
 a - a +0 robe (worn)
Scrolls
 c - a scroll of immolation {unknown}
 d - a scroll of identify {unknown}
 g - a scroll of summoning {unknown}
 h - 2 scrolls of poison {unknown}
 i - 2 scrolls of amnesia {unknown}
 l - a scroll of vulnerability {unknown}
 m - a scroll of silence {unknown}
Potions
 j - a potion of haste {unknown}
 k - a potion of curing {unknown}


   Skills:
 + Level 1.6 Fighting
 + Level 3.2 Dodging
 + Level 3.7 Stealth
 + Level 2.8 Spellcasting
 + Level 4.3 Conjurations


You had 5 spell levels left.
You knew the following spells:

 Your Spells              Type           Power      Damage    Failure   Level
a - Magic Dart            Conj           76%        1d6       2%          1
b - Searing Ray           Conj           38%        2d5       3%          2

Your spell library contained the following spells:

 Spells                   Type           Power      Damage    Failure   Level
 Dazzling Flash           Conj/Hex       22%        N/A       19%         3
 Fulminant Prism          Conj/Hex       5%         3d7       54%         4
 Iskenderun's Mystic Bla  Conj/Tloc      11%        2d4       54%         4


Dungeon Overview and Level Annotations

Branches:
Dungeon (4/15)             Temple (1/1) D:4

Altars:
Dithmenos
Trog
Vehumet
Xom
Yredelemnul
Zin


Innate Abilities, Weirdness & Mutations

You are small and have problems with some larger weapons.
You are completely attuned to the shadows.


Message History

Aiming: Searing Ray (safe; 3% risk of failure)
Press: ? - help, Shift-Dir - straight line, f/p - iguana
Aim: an iguana (heavily wounded, 81% to hit)
The searing ray hits the iguana.
The iguana is heavily wounded. (Press . to maintain the ray.)
The iguana bites you!
The searing ray hits the iguana.
The iguana is almost dead.
The iguana completely misses you.
You closely miss the iguana.
The iguana is almost dead.
The iguana barely misses you.
You hit the iguana but do no damage.
The iguana is almost dead.
The iguana misses you.
You barely miss the iguana.
The iguana is almost dead.
The iguana misses you.
You hit the iguana but do no damage.
The iguana is almost dead.
The iguana bites you.
You hit the iguana but do no damage.
The iguana is almost dead.
The iguana closely misses you.
You hit the iguana.
The iguana is almost dead.
The iguana bites you but does no damage.
You hit the iguana but do no damage.
The iguana is almost dead.
The iguana misses you.
You hit the iguana but do no damage.
The iguana is almost dead.
The iguana bites you.
* * * LOW HITPOINT WARNING * * *
You barely miss the iguana.
The iguana is almost dead.
You hear the brisk rusting of a drain nearby.
The iguana bites you.
You die...

##$....... .#
Z.$..... .#
.......
.####......
..##..(..#
#.#..#.###
...)##.###
##.###...#
.########## #..
###.# ...l@.....#
###.. #.#
##........#
#..#.# #........#
#.#.# #........#
#...# #........#
##..# #........#
#..## #........#
#...# #.......)#
##..######.######


You could see an iguana.

Vanquished Creatures
  A scorpion (D:4)
  An adder (D:4)
  An endoplasm (D:1)
  A hobgoblin (D:1)
  6 kobolds
  A quokka (D:1)
  2 bats (D:1)
  2 goblins (D:1)
  2 rats (D:1)
17 creatures vanquished.

Notes
Turn   | Place    | Note
-------+----------+-------------------------------------------
     0 | D:1      | voltaire321 the Kobold Conjurer began the quest for the
                  | Orb.
     0 | D:1      | Reached XP level 1. HP: 10/10 MP: 3/3
   205 | D:1      | Reached XP level 2. HP: 16/16 MP: 3/5
   208 | D:1      | Learned a level 2 spell: Searing Ray
  1023 | D:2      | You fall into a shaft and drop 2 floors!
  1044 | D:4      | Noticed a necrophage
  1056 | D:4      | Found a staircase to the Ecumenical Temple.
  1066 | Temple   | Entered the Ecumenical Temple
  1122 | Temple   | Became a worshipper of Vehumet
  1191 | D:4      | Reached skill level 1 in Fighting
  1191 | D:4      | Reached XP level 3. HP: 20/20 MP: 1/6
  1227 | D:4      | Noticed a scorpion
  1240 | D:4      | Killed a scorpion
  1241 | D:4      | Reached XP level 4. HP: 13/25 MP: 4/8
  1289 | D:4      | Noticed a necrophage
  1328 | D:4      | Slain by an iguana

Illustrated notes

Levels and vault maps discovered:
D:1:      dpeg_arrival_arbitrary_c, layout_loops_ring
D:2:      layout_basic
D:4:      layout_rooms, temple_green, serial_undead, serial_undead_a,
          serial_undead_b, serial_undead_b, serial_undead_a,
          gup_sewer_entry_glass
Temple:   dpeg_five_rooms_temple

Skill      XL: |  1  2  3 |
---------------+----------+-----
Stealth        | 3 |  3.7
Fighting       | 1 |  1.6
Dodging        | 3 |  3.2
Spellcasting   | |  2.8
Conjurations   | |  4.3

Action                   |  1- 3 |  4- 6 || total
-------------------------+-------+-------++-------
Melee: Spear             |     1 |       ||     1
       Dagger            |     5 |     9 ||    14
 Cast: Magic Dart        |    30 |       ||    30
       Searing Ray       |     3 |     2 ||     5
  Use: Potion            |     1 |       ||     1
 Stab: Sleeping          |     1 |       ||     1
Armor: Robe              |     1 |     1 ||     2
Dodge: Dodged            |    16 |     7 ||    23
